 Dungeon Crawl Stone Soup version 0.28-a0-1415-g7c84da036a (webtiles) character file.

Game seed: 3393953610977311332

9458 oldmanjim the Cleaver (level 11, -2/92 HPs)
             Began as a Minotaur Fighter on Jan 7, 2022.
             Was a High Priest of Okawaru.
             Slain by a death knight (6 damage)
             ... on level 11 of the Dungeon.
             The game lasted 01:16:35 (13652 turns).

oldmanjim the Cleaver (Minotaur Fighter)           Turns: 13652, Time: 01:16:35

Health: -2/92      AC: 18    Str: 25    XL:     11   Next: 23%
Magic:  10/16      EV: 12    Int:  5    God:    Okawaru [*****.]
Gold:   277        SH:  7    Dex: 15    Spells: 10/10 levels left

rFire   + . .      SeeInvis .   a - +0 war axe
rCold   . . .      Faith    .   c - +0 buckler
rNeg    . . .      Spirit   .   z - +0 chain mail "Itwyaduq" {+Inv}
rPois   .          Reflect  .   G - +2 hat
rElec   .          Harm     .   I - +0 cloak
rCorr   .          Rampage  .   (no gloves)
Will    +....                   s - +1 pair of boots
Stlth   ..........              (no amulet)
HPRegen 0.25/turn               A - ring "Rurot" {rF+ Dex+5 Stlth-}
MPRegen 0.15/turn               k - ring of willpower

@: heroic, finesse-ful, studying Shields
A: horns 2, retaliatory headbutt
a: Renounce Religion, Evoke Invisibility, Heroism, Finesse, Duel


You were on level 11 of the Dungeon.
You worshipped Okawaru.
Okawaru was extremely pleased with you.
You visited 2 branches of the dungeon, and saw 12 of its levels.
You also visited: Sewer and Ossuary.

You collected 437 gold pieces.
You spent 160 gold pieces at shops.

Inventory:

Hand Weapons
 a - a +0 war axe (weapon)
 b - a +0 hand crossbow
 d - a +4 spear of venom
 l - a +3 short sword
 J - a +0 hunting sling
Missiles
 g - 123 bolts
 o - 98 stones (quivered)
 v - 100 arrows
 E - 38 poisoned darts
 H - 43 sling bullets
Armour
 c - a +0 buckler (worn)
 s - a +1 pair of boots (worn)
 w - a +2 scale mail of cold resistance
 z - the +0 chain mail "Itwyaduq" (worn) {+Inv}
   (You found it on level 4 of the Dungeon)

   +Inv:      It lets you turn invisible.
 G - a +2 hat (worn)
 I - a +0 cloak (worn)
Jewellery
 e - a ring of positive energy
 h - a +6 ring of dexterity
 k - a ring of willpower (right hand)
 r - a ring of see invisible
 A - the ring "Rurot" (left hand) {rF+ Dex+5 Stlth-}
   (You found it on level 4 of the Dungeon)

   [ring of protection from fire]

   Dex:       It affects your dexterity (+5).
   rF:        It protects you from fire.
   Stlth:     It makes you less stealthy.
 O - a +6 ring of intelligence
 X - a ring of positive energy
Wands
 f - a wand of iceblast (14)
 M - a wand of digging (4)
 T - a wand of paralysis (8)
 Y - a wand of acid (7)
Scrolls
 p - 2 scrolls of teleportation
 q - 2 scrolls of blinking
 y - 3 scrolls of enchant weapon
 B - a scroll of amnesia
 C - a scroll of torment
 F - a scroll of fear {unknown}
 K - 2 scrolls of noise {unknown}
 L - 2 scrolls of brand weapon {unknown}
 N - 2 scrolls of enchant armour
 P - a scroll of fog {unknown}
 V - a scroll of holy word {unknown}
Potions
 i - 2 potions of lignification
 j - a potion of haste
 m - 3 potions of mutation
 n - 4 potions of curing
 t - a potion of resistance
 u - a potion of ambrosia
 x - 3 potions of heal wounds
 D - 3 potions of magic
 Q - 2 potions of invisibility
 R - a potion of brilliance
 S - a potion of cancellation {unknown}
 U - a potion of flight {unknown}
 W - a potion of might


   Skills:
 + Level 7.1(12.1) Fighting
 - Level 10.0(15.0) Axes
 - Level 4.0(9.0) Crossbows
 - Level 7.0(12.0) Armour
 - Level 3.0(8.0) Dodging
 - Level 7.0(12.0) Shields
 + Level 9.1 Invocations
 + Level 8.0 Evocations


You had 10 spell levels left.
You didn't know any spells.
Your spell library contained the following spells:

 Spells                   Type           Power      Damage    Failure   Level
 Blink                    Tloc           0%         N/A       99%         2
 Corpse Rot               Necr/Air       0%         N/A       99%         2
 Ensorcelled Hibernation  Hex/Ice        0%         N/A       99%         2
 Poisonous Vapours        Pois/Air       0%         N/A       99%         2
 Dazzling Flash           Conj/Hex       0%         N/A       100%        3
 Gell's Gravitas          Tloc           0%         N/A       100%        3
 Inner Flame              Hex/Fire       0%         N/A       100%        3
 Lesser Beckoning         Tloc           0%         N/A       100%        3
 Spider Form              Tmut/Pois      0%         N/A       100%        3
 Teleport Other           Tloc           0%         N/A       100%        3
 Cause Fear               Hex            0%         N/A       100%        4
 Agony                    Necr           0%         N/A       100%        5
 Manifold Assault         Tloc           0%         N/A       100%        5
 Silence                  Hex/Air        0%         N/A       100%        5
 Conjure Ball Lightning   Conj/Air       0%         3x3d6     100%        6
 Discord                  Hex            0%         N/A       100%        8
 Disjunction              Tloc           0%         N/A       100%        8


Dungeon Overview and Level Annotations

Branches:
Dungeon (11/15)            Temple (1/1) D:4             Orc (0/2) D:9
  Sewer (visited)         Ossuary (visited)
   Lair: D:8-11

Altars:
Ashenzari
Cheibriados
Dithmenos
Elyvilon
Fedhas
Gozag
Hepliaklqana
Kikubaaqudgha
Makhleb
Nemelex Xobeh
Okawaru
Qazlal
Ru
Sif Muna
Trog
Uskayaw
Vehumet
Wu Jian
Xom
Yredelemnul
Zin
The Shining One

Shops:
D:2 [   D:4 =[(   D:8 (


Innate Abilities, Weirdness & Mutations

You have a pair of horns on your head.
You reflexively headbutt those who attack you in melee.


Message History

You hit the death knight but do no damage.
The death knight mumbles some strange prayers to Yredelemnul against you.
You resist with some effort.
You hit the death knight. You headbutt the death knight.
The death knight is lightly wounded.
The death knight hits you with a +0 great sword!
* * * LOW HITPOINT WARNING * * *
You barely miss the death knight.
You headbutt the death knight, but do no damage.
The death knight is lightly wounded.
The death knight calls down the wrath of Yredelemnul upon you.
You resist with some effort.
You can now deal lightning-fast blows.
The death knight invokes the aid of Yredelemnul against you.
Your body is wracked with pain!
* * * LOW HITPOINT WARNING * * *
You barely miss the death knight.
The death knight is lightly wounded.
You hit the death knight but do no damage.
Your headbutt misses the death knight.
The death knight is lightly wounded.
You hit the death knight. You headbutt the death knight!
The death knight is moderately wounded.
The death knight hits you with a +0 great sword.
* * * LOW HITPOINT WARNING * * *
You slice the death knight!!
The death knight is heavily wounded.
You barely miss the death knight.
The death knight is heavily wounded.
You hit the death knight but do no damage.
The death knight is heavily wounded.
You slash the death knight!
The death knight is severely wounded.
The death knight hits you but does no damage.
You hit the death knight but do no damage.
The death knight is severely wounded.
You closely miss the death knight.
The death knight is severely wounded.
The death knight hits you with a +0 great sword.
You die...

.## ##...## ..#
##.....## #.#
##.8...8.## #.#
#.........# #.#
##....⌠....# #.#
#..........# #.#
#.#.8...8.#
#.###.##.....##
#.....###..@## ##.####
###p# #.# #.# #.# ...
#######.##### ...(
#..<........# #.....
...........).........
#...........###.......
#...........#


You could see a death knight.

Vanquished Creatures
  Erolcha (D:9)
  2 two-headed ogres
  Pikel (D:8)
  A deep elf pyromancer (D:10)
  Joseph (D:7)
  Maggie (D:9)
  A troll (D:9)
  A hornet (D:9)
  3 wyverns
  9 yaks
  2 water moccasins (D:7)
  A necrophage (D:6)
  A sky beast (D:8)
  2 ice beasts
  2 orc warriors
  2 black bears (D:5)
  An ogre (D:6)
  A lemure (D:8)
  2 kobold brigands
  2 bullfrogs
  A gnoll sergeant (D:5)
  A scorpion (D:4)
  2 wyvern skeletons (D:7)
  A wyvern zombie (D:8)
  A water moccasin skeleton (D:6)
  16 wights
  7 killer bees
  A bullfrog zombie (D:6)
  3 orc priests
  A hound (D:4)
  5 centaur zombies
  2 jellies (D:6)
  2 gnoll shamans (D:5)
  A bullfrog skeleton (D:7)
  A centaur skeleton (D:7)
  A scorpion zombie (D:5)
  2 iguanas
  2 orc wizards
  2 hound zombies (D:5)
  A hound skeleton (D:4)
  6 mummies (Ossuary)
  12 gnolls
  15 adders
  8 river rats (Sewer)
  A white imp (D:7)
  An adder skeleton (D:4)
  5 worms
  5 dart slugs
  24 orcs
  13 ball pythons
  4 endoplasms
  4 giant cockroaches
  6 goblins
  9 hobgoblins
  9 jackals
  22 kobolds
  6 quokkas
  5 bats
  3 frilled lizards
  5 hobgoblin zombies (Ossuary)
  24 rats
277 creatures vanquished.

Notes
Turn   | Place    | Note
-------+----------+-------------------------------------------
     0 | D:1      | oldmanjim the Minotaur Fighter began the quest for the Orb.
     0 | D:1      | Reached XP level 1. HP: 19/19 MP: 0/0
    99 | D:1      | Reached XP level 2. HP: 22/27 MP: 1/1
   512 | D:1      | Reached skill level 3 in Axes
   648 | D:1      | Reached XP level 3. HP: 32/33 MP: 2/2
   925 | D:2      | Reached skill level 4 in Axes
   983 | D:2      | Reached XP level 4. HP: 39/40 MP: 3/3
  1002 | D:2      | Found Araegrac's Armour Shoppe.
  1150 | D:2      | Reached skill level 5 in Axes
  1712 | D:3      | Noticed a golden eye
  1714 | D:3      | Found a faded altar of an unknown god.
  1716 | D:3      | Noticed a golden eye
  1717 | D:3      | Noticed a golden eye
  1717 | D:3      | Noticed a great orb of eyes
  1757 | D:3      | Reached XP level 5. HP: 39/46 MP: 4/4
  2296 | D:4      | Found Byatrupach's Weapon Emporium.
  2335 | D:4      | Reached skill level 6 in Axes
  2472 | D:4      | Found a staircase to the Ecumenical Temple.
  2479 | Temple   | Entered the Ecumenical Temple
  2640 | Temple   | Became a worshipper of Warmaster Okawaru
  2821 | D:4      | Reached skill level 7 in Axes
  2920 | D:4      | Found Ugewk's Jewellery Shoppe.
  2939 | D:4      | Identified the +0 chain mail "Itwyaduq" {+Inv}
  3066 | D:4      | Found Buog's Armour Shoppe.
  3076 | D:4      | Reached XP level 6. HP: 48/52 MP: 5/5
  3455 | D:4      | Reached skill level 1 in Invocations
  3455 | D:4      | Identified the ring "Rurot" {rF+ Dex+5 Stlth-}
  3504 | D:5      | Entered Level 5 of the Dungeon
  3540 | D:5      | Reached skill level 1 in Evocations
  3577 | D:5      | Found a glowing drain.
  3598 | Sewer    | Entered a sewer
  3959 | Sewer    | Reached * piety under Okawaru
  4092 | Sewer    | Reached skill level 5 in Fighting
  4092 | Sewer    | Reached XP level 7. HP: 52/61 MP: 7/7
  5365 | D:5      | Reached skill level 5 in Armour
  5735 | D:5      | Noticed a two-headed ogre
  5741 | D:5      | Killed a two-headed ogre
  5741 | D:5      | Reached ** piety under Okawaru
  5741 | D:5      | Reached *** piety under Okawaru
  5742 | D:5      | Reached skill level 8 in Axes
  5742 | D:5      | Reached skill level 5 in Evocations
  5742 | D:5      | Reached XP level 8. HP: 14/70 MP: 9/9
  6303 | D:6      | Found a glowing golden altar of the Shining One.
  7128 | D:5      | Reached XP level 9. HP: 64/75 MP: 11/11
  7482 | D:5      | Reached **** piety under Okawaru
  7610 | D:6      | Reached skill level 5 in Invocations
  8330 | D:6      | Reached skill level 5 in Shields
  8906 | D:2      | Bought a +2 hat for 160 gold pieces
  9016 | D:7      | Noticed Joseph
  9037 | D:7      | Killed Joseph
  9038 | D:7      | Reached skill level 9 in Axes
 10108 | D:8      | Found a sand-covered staircase.
 10119 | Ossuary  | Entered an ossuary
 10507 | D:8      | Reached XP level 10. HP: 86/86 MP: 14/14
 10595 | D:8      | Reached skill level 1 in Dodging
 10637 | D:8      | Noticed Pikel
 10648 | D:8      | Killed Pikel
 10650 | D:8      | Found Cidilie's Antique Weapon Shoppe.
 11190 | D:8      | Reached skill level 10 in Axes
 11475 | D:9      | Noticed Maggie
 11489 | D:9      | Killed Maggie
 11489 | D:9      | Reached ***** piety under Okawaru
 11667 | D:9      | Paralysed by a hornet for 1 turns
 11815 | D:9      | HP: 2/86 [troll (5)]
 11860 | D:9      | Noticed Erolcha
 12286 | D:9      | Killed Erolcha
 12681 | D:9      | Found a staircase to the Orcish Mines.
 12745 | D:10     | Entered Level 10 of the Dungeon
 12770 | D:10     | Reached skill level 1 in Crossbows
 12784 | D:10     | Reached XP level 11. HP: 79/92 MP: 16/16
 13195 | D:10     | Noticed a deep elf pyromancer
 13221 | D:10     | Killed a deep elf pyromancer
 13255 | D:10     | Noticed a two-headed ogre
 13266 | D:10     | Killed a two-headed ogre
 13386 | D:10     | Received a gift from Okawaru
 13635 | D:11     | Noticed a death knight
 13646 | D:11     | HP: 4/92 [death knight (5)]
 13652 | D:11     | Slain by a death knight

Illustrated notes

Levels and vault maps discovered:
D:1:      moated_graveyard_arrival, layout_basic
D:2:      layout_rooms, serial_shops, nicolae_diamond_shop
D:3:      layout_basic, hellmonk_ecumenical_altar_watching_god
D:4:      layout_loops_corners, minmay_temple_entry_junction_2, serial_shops,
          shop_statue, shop_fountains, kennysheep_mini
D:5:      layout_gridville, gup_sewer_entry_glass, minmay_manual_mail
D:6:      layout_loops_ring, mainiacjoe_overflow_concentric_impassable
D:7:      layout_loops_cross, uniq_joseph
D:8:      layout_rooms, enter_ossuary_3, serial_shops, nicolae_shop_crystal,
          minmay_curled_crystal, minmay_misc_feat_roman, uniq_pikel
D:9:      layout_rooms, orc_0_dummy, minivault_23, uniq_maggie, uniq_erolcha
D:10:     layout_basic
D:11:     layout_roguey, erik_lair_dragon, serial_shops,
          nicolae_shop_hallway_stairs, wad_floor_pattern_untrapped, uniq_maurice
Temple:   kilobyte_greek_temple

Skill      XL: |  1  2  3  4  5  6  7  8  9 10 11 |
---------------+----------------------------------+-----
Shields        | 4 5 7 |  7.0
Armour         | 4 5 6 7 |  7.0
Fighting       | 4 5 6 7 |  7.1
Axes           | 3 4 5 7 8 9 10 | 10.0
Invocations    | 2 3 4 7 8 9 |  9.1
Evocations     | 2 5 7 8 |  8.0
Dodging        | 3 |  3.0
Crossbows      | 1 4 |  4.0

Action                   |  1- 3 |  4- 6 |  7- 9 | 10-12 || total
-------------------------+-------+-------+-------+-------++-------
Melee: War axe           |    73 |   214 |   291 |   192 ||   770
       Headbutt          |    11 |    35 |    55 |    47 ||   148
 Fire: Hunting sling     |       |     5 |    38 |       ||    43
       Hand crossbow     |       |       |    26 |    37 ||    63
Invok: Finesse           |       |       |     2 |     3 ||     5
       Heroism           |       |       |       |     7 ||     7
  Use: Potion            |       |       |     4 |       ||     4
       Scroll            |       |       |    10 |     9 ||    19
Armor: Scale mail        |    41 |    23 |       |       ||    64
       Chain mail        |       |    74 |   153 |    52 ||   279
Dodge: Dodged            |    41 |    61 |   107 |    51 ||   260
Block: Buckler           |     6 |    46 |    89 |    47 ||   188

Table legend: (Time is in decaauts)
 A = Elapsed time spent in this place.
 B = Non-inter-level travel time spent in this place.
 C = Inter-level travel time spent in this place.
 D = Time resting spent in this place.
 E = Time spent auto-exploring this place.
 F = Levels seen in this place.
 G = Mean time per level.
                   A        B        C        D        E       F      G
               +--------+--------+--------+--------+--------+-----+--------+
         Total |  13777 |  13145 |    632 |   3349 |   7311 |  14 |  984.1 |
       Dungeon |  12496 |  11920 |    576 |   3247 |   6540 |  11 | 1136.0 |
        Temple |    193 |    137 |     56 |      0 |    130 |   1 |  193.0 |
         Sewer |    826 |    826 |      0 |     31 |    583 |   1 |  826.0 |
       Ossuary |    260 |    260 |      0 |     71 |     58 |   1 |  260.0 |
               +--------+--------+--------+--------+--------+-----+--------+

Top non-repeatable levels by time:
     D:5: 2802 daAuts
     D:8: 1578 daAuts
     D:4: 1511 daAuts
     D:6: 1441 daAuts
     D:7: 1089 daAuts
     D:1: 890 daAuts
    D:10: 828 daAuts
     D:3: 828 daAuts
   Sewer: 826 daAuts
     D:9: 808 daAuts
     D:2: 651 daAuts
 Ossuary: 260 daAuts
  Temple: 193 daAuts
    D:11: 65 daAuts
